2253 views
Uploaded 2024-06-07 07:35:51
Game version 1.36 (6115)
11:12 long 1on1 ladder game on (4)TurtleRock_S2
Saved by Dubcherry
2253 views
Uploaded 2024-06-07 07:35:51
Game version 1.36 (6115)
11:12 long 1on1 ladder game on (4)TurtleRock_S2

16 units @ 2.5k
/ 0.3k
10 buildings @ 1.6k
/ 0.6k


| Rod of Necromancy | 1 | 150 |
| total: | 1 | 150g |
| Acolyte | 2 | 150 | / | 0 |
| Ghoul | 6 | 720 | / | 0 |
| Crypt Fiend | 3 | 645 | / | 120 |
| Obsidian Statue | 5 | 1000 | / | 175 |
| total: | 16 | 2515g | / | 295w |
| Altar of Darkness | 1 | 180 | / | 50 |
| Ziggurat | 4 | 600 | / | 200 |
| Crypt | 1 | 200 | / | 50 |
| Graveyard | 1 | 215 | / | 0 |
| Tomb of Relics | 1 | 130 | / | 30 |
| Slaughterhouse | 2 | 280 | / | 270 |
| Halls of the Dead | 1 | 320 | / | 210 |
| Black Citadel | 1 | 325 | / | 230 |
| total: | 10 | 1605g | / | 600w |
| 0:04 | Acolyte |
| 0:06 | Acolyte |
| 0:08 | Altar of Darkness |
| 0:12 | Ziggurat |
| 0:32 | Crypt |
| 1:05 | Graveyard |
| 1:19 | Tomb of Relics |
| 1:36 | Ghoul |
| 1:38 | Ghoul |
| 1:59 | Ziggurat |
| 2:11 | Death Coil |
| 2:17 | Ghoul |
| 2:28 | Ghoul |
| 3:03 | Ghoul |
| 3:04 | Ghoul |
| 3:13 | Ziggurat |
| 3:18 | Rod of Necromancy |
| 3:44 | Halls of the Dead |
| 4:32 | Unholy Aura |
| 4:37 | Crypt Fiend |
| 5:06 | Crypt Fiend |
| 5:11 | Creature Carapace |
| 5:50 | Crypt Fiend |
| 6:56 | Slaughterhouse |
| 7:01 | Slaughterhouse |
| 7:46 | Black Citadel |
| 7:52 | Ziggurat |
| 8:07 | Obsidian Statue |
| 8:09 | Obsidian Statue |
| 8:21 | Frost Nova |
| 8:34 | Obsidian Statue |
| 9:03 | Obsidian Statue |
| 10:28 | Obsidian Statue |
| 10:32 | Destroyer Form |
| 10:38 | Creature Attack |
| Right click | 415 |
| Select | 113 |
| Select group | 47 |
| Build/train/purchase | 33 |
| Assign group | 11 |
| Use ability | 6 |
| Esc | 5 |
14 units @ 2.1k
/ 0.3k
11 buildings @ 1.7k
/ 0.7k



| Rod of Necromancy | 3 | 450 |
| Ritual Dagger | 1 | 125 |
| Potion of Lesser Invulnerability | 1 | 150 |
| total: | 5 | 725g |
| Acolyte | 4 | 300 | / | 0 |
| Ghoul | 3 | 360 | / | 0 |
| Crypt Fiend | 4 | 860 | / | 160 |
| Obsidian Statue | 3 | 600 | / | 105 |
| total: | 14 | 2120g | / | 265w |
| Altar of Darkness | 1 | 180 | / | 50 |
| Ziggurat | 5 | 750 | / | 250 |
| Crypt | 1 | 200 | / | 50 |
| Tomb of Relics | 1 | 130 | / | 30 |
| Graveyard | 1 | 215 | / | 0 |
| Slaughterhouse | 1 | 140 | / | 135 |
| Sacrificial Pit | 1 | 75 | / | 150 |
| Halls of the Dead | 1 | 320 | / | 210 |
| Black Citadel | 1 | 325 | / | 230 |
| total: | 11 | 1690g | / | 665w |
| 0:03 | Acolyte |
| 0:06 | Altar of Darkness |
| 0:08 | Ziggurat |
| 0:23 | Crypt |
| 0:33 | Acolyte |
| 0:43 | Acolyte |
| 0:58 | Tomb of Relics |
| 1:21 | Graveyard |
| 1:30 | Ghoul |
| 1:43 | Ghoul |
| 1:56 | Ghoul |
| 2:05 | Rod of Necromancy |
| 2:06 | Death Coil |
| 2:17 | Ziggurat |
| 2:49 | Halls of the Dead |
| 3:13 | Unholy Aura |
| 3:14 | Crypt Fiend |
| 3:30 | Crypt Fiend |
| 3:34 | Ziggurat |
| 4:01 | Crypt Fiend |
| 4:37 | Rod of Necromancy |
| 4:37 | Ritual Dagger |
| 5:15 | Slaughterhouse |
| 5:32 | Death Coil |
| 5:38 | Backpack |
| 5:40 | Acolyte |
| 5:58 | Sacrificial Pit |
| 6:49 | Frost Nova |
| 6:50 | Black Citadel |
| 6:52 | Ziggurat |
| 6:56 | Obsidian Statue |
| 6:57 | Rod of Necromancy |
| 7:34 | Obsidian Statue |
| 8:03 | Unholy Aura |
| 8:13 | Obsidian Statue |
| 8:16 | Burrow |
| 8:17 | Creature Attack |
| 8:37 | Frost Armor |
| 8:56 | Crypt Fiend |
| 9:08 | Ziggurat |
| 9:14 | Destroyer Form |
| 9:28 | Potion of Lesser Invulnerability |
| 9:43 | Web |
| 9:58 | Black Arrow |
| 10:59 | Frost Nova |
| Right click | 353 |
| Select group | 349 |
| Select | 203 |
| Build/train/purchase | 65 |
| Misc. action | 57 |
| Assign group | 31 |
| Use ability | 22 |
| Item give/drop | 5 |
| Remove unit | 1 |